 Dungeon Crawl Stone Soup version 0.26-a0-504-g0cf647090d (webtiles) character file.

Game seed: 367336199510773133

9519 KristoblXynda the Covert (level 11, -4/77 HPs)
             Began as a Vampire Gladiator on Aug 8, 2020.
             Was a Follower of Ru.
             Slain by an entropy weaver (8 damage)
             ... in a Gauntlet.
             The game lasted 00:19:26 (10675 turns).

KristoblXynda the Covert (Vampire Gladiator)       Turns: 10675, Time: 00:19:27

Health: -4/77      AC: 13    Str: 15    XL:     11   Next: 24%
Magic:  11/11      EV:  9    Int: 13    God:    Ru [*.....]
Gold:   529        SH:  0    Dex: 15    Spells: 6/10 levels left

rFire    . . .     SeeInvis +   D - +3 scimitar (elec)
rCold    . . .     Faith    .   i - +0 buckler
rNeg     + . .     Spirit   .   n - +2 ring mail {rPois}
rPois    +         Reflect  .   c - +1 helmet
rElec    .         Harm     .   (no cloak)
rCorr    .         NoTele   +   e - +1 pair of gloves
MR       +....                  G - +0 pair of boots {Fly}
Stlth    +++++.....             p - amulet of regeneration
HPRegen  0.82/turn              (no ring)
MPRegen  0.12/turn              q - ring of positive energy

@: overwhelmed with horror, flying, held, regenerating quickly
A: fangs 3, see invisible, unbreathing, cowardly
a: Exsanguinate, Renounce Religion, Stop Flying


You were in a Gauntlet.
You worshipped Ru.
Ru was aware of your devotion.
You visited 2 branches of the dungeon, and saw 13 of its levels.
You also visited: Ossuary and Gauntlet.

You collected 750 gold pieces.
You spent 221 gold pieces at shops.

Inventory:

Hand Weapons
 d - a +0 scimitar
 D - a +3 scimitar of electrocution (weapon)
Armour
 c - a +1 helmet (worn)
 e - a +1 pair of gloves (worn)
 i - a +0 buckler (worn)
 n - a +2 ring mail of poison resistance (worn)
 G - a +0 pair of boots of flying (worn)
Jewellery
 p - an amulet of regeneration (around neck)
 q - a ring of positive energy (right hand)
 F - an uncursed ring of fire {unknown}
Wands
 E - a wand of iceblast (7)
Scrolls
 a - a scroll of enchant armour
 b - 2 scrolls of teleportation
 f - 5 scrolls of immolation
 j - 6 scrolls of remove curse
 l - 2 scrolls of enchant weapon
 o - 2 scrolls of fog
 w - 4 scrolls of fear
 y - 4 scrolls of magic mapping
 B - 3 scrolls of amnesia
Potions
 g - 2 potions of might
 h - 2 potions of mutation
 k - 2 potions of magic
 m - 3 potions of curing
 r - a potion of heal wounds
 s - a potion of invisibility {unknown}
 t - 2 potions of flight
 u - a potion of stabbing {unknown}
 v - 4 potions of haste
 x - 3 potions of brilliance {unknown}
 z - a potion of ambrosia {unknown}
 A - a potion of lignification
 C - a potion of berserk rage {unknown}


   Skills:
 - Level 4.1 Fighting
 + Level 9.4 Long Blades
 - Level 2.0 Throwing
 + Level 4.8 Armour
 + Level 10.2 Dodging
 - Level 12.6 Stealth
 - Level 4.4 Shields
 + Level 2.3 Transmutations


You had 6 spell levels left.
You knew the following spells:

 Your Spells              Type           Power        Failure   Level
a - Petrify               Tmut/Erth      #.......     98%         4

Your spell library contained the following spells:

 Spells                   Type           Power        Failure   Level
 Sandblast                Erth           #.....       50%         1
 Passwall                 Tmut/Erth      #.......     50%         2
 Stone Arrow              Conj/Erth      #.....       86%         3
 Lee's Rapid Deconstruct  Erth           #.........   100%        5


Dungeon Overview and Level Annotations

Branches:
Dungeon (12/15)            Temple (1/1) D:5            Lair (0/6) D:11
    Orc (0/2) D:12        Ossuary (visited)         Gauntlet (1/1)

Altars:
Ashenzari
Cheibriados
Dithmenos
Elyvilon
Fedhas
Gozag
Kikubaaqudgha
Nemelex Xobeh
Okawaru
Qazlal
Ru
Sif Muna
Trog
Uskayaw
Vehumet
Wu Jian
Xom
Yredelemnul
Zin
The Shining One
Lugonu

Shops:
D:6 (   D:7 (   D:12 [

Annotations:
Gauntlet 9 transporters


Innate Abilities, Weirdness & Mutations

Your natural rate of healing is unusually fast.
You have razor-sharp teeth.
You have supernaturally acute eyesight. (SInv)
You can survive without breathing.
Your cowardice makes you less effective in combat with threatening monsters.


Message History

The entropy weaver drops a net on you. A large net falls onto you!
You become entangled in the net!
The wolf spider hits you!
The wolf spider bites you but does no damage.
The jumping spider leaps!
The entropy weaver hits you!
The entropy weaver hits you but does no damage.
The entropy weaver hits you. x2
You struggle against the net.
The wolf spider hits you! The wolf spider barely misses you.
The wolf spider hits you!
The wolf spider bites you but does no damage.
The entropy weaver is stunned by your will and fails to attack.
Monsters!
Monsters everywhere!
You have to get out of here!
Unknown command.
You struggle against the net.
The wolf spider hits you!
* * * LOW HITPOINT WARNING * * *
The wolf spider bites you!
* * * LOW HITPOINT WARNING * * *
The entropy weaver closely misses you. The entropy weaver hits you!
* * * LOW HITPOINT WARNING * * *
The entropy weaver hits you!
You die...

..................§§#
....................#
####...###########..###
...#.8.#..^...^^.#..#8#
.#.#...#..s.....^#..###
#..#####...^..^.[#..#####
#..#...#........|#..#§8≈#
#.©#©.©#....©...©#..#...##
#.)#...#.......s@#..#.8...
#..#####.......a(#..#...##
.#.#...#....^....#..#.8...
...#...#.........#..#...#.
####...###########..#...#
.....≈.............≈#.©.#
....≈8≈............∩#...#
.....≈.............≈#.©.#
####...###########§.#...#


You could see an entropy weaver, a wolf spider and a jumping spider.

Vanquished Creatures
  Erolcha (D:11)
  A ghost crab (Gauntlet)
  2 trolls
  A hornet (D:9)
  A shadow (D:11)
  10 yaks
  2 wraiths
  A wyvern (D:11)
  2 wargs (D:11)
  A black bear (D:2)
  3 orc warriors
  3 phantoms
  An eye of draining (D:12)
  2 sky beasts
  5 ice beasts
  3 ogres
  3 centaurs
  A crocodile (D:10)
  Blork the orc (D:6)
  5 bullfrogs
  A gnoll sergeant (D:10)
  A wyvern zombie (D:9)
  A wyvern skeleton (D:11)
  4 scorpions
  6 killer bees (D:11)
  A water moccasin skeleton (D:6)
  3 centaur zombies
  A howler monkey (D:5)
  A quasit (D:5)
  2 bullfrog zombies (D:11)
  9 orc priests
  7 hounds
  3 human zombies (Ossuary)
  2 jellies
  3 bullfrog skeletons
  A centaur skeleton (D:11)
  11 orc wizards
  2 iguanas
  5 worker ants
  5 big kobold zombies (Ossuary)
  3 hound zombies
  3 mummies (Ossuary)
  A hound skeleton (D:6)
  A worker ant zombie (D:7)
  6 gnolls
  7 adders
  3 shadow imps
  4 white imps
  An ufetubus (D:7)
  3 oozes
  3 adder zombies (Ossuary)
  An adder skeleton (D:4)
  4 worms
  A dart slug (D:2)
  5 leopard geckos
  32 orcs
  A ball python (D:2)
  4 giant cockroaches
  11 goblins
  7 hobgoblins
  21 jackals
  8 kobolds
  5 quokkas
  2 ball python skeletons
  6 bats
  6 frilled lizards
  4 goblin zombies (Ossuary)
  7 hobgoblin zombies (Ossuary)
  3 jackal zombies (Ossuary)
  3 kobold zombies (Ossuary)
  A leopard gecko skeleton (D:3)
  A quokka skeleton (D:4)
  5 rats
  2 rat zombies (Ossuary)
293 creatures vanquished.

Vanquished Creatures (others)
  2 fungi (Gauntlet)
  17 plants (Gauntlet)
19 creatures vanquished.

Grand Total: 312 creatures vanquished

Notes
Turn   | Place    | Note
-------+----------+-------------------------------------------
     0 | D:1      | KristoblXynda the Vampire Gladiator began the quest for the
                  | Orb.
     0 | D:1      | Reached XP level 1. HP: 16/16 MP: 1/1
   298 | D:1      | Reached XP level 2. HP: 22/22 MP: 2/2
   826 | D:1      | Reached XP level 3. HP: 27/27 MP: 3/3
  1180 | D:2      | Noticed a black bear
  1181 | D:2      | Found an ornate altar of the Wu Jian Council.
  1307 | D:2      | Found a shimmering altar of Xom.
  1340 | D:2      | Reached skill level 1 in Stealth
  1580 | D:2      | Killed a black bear
  1580 | D:2      | Reached skill level 2 in Stealth
  1580 | D:2      | Reached XP level 4. HP: 32/34 MP: 4/4
  1580 | D:2      | Reached XP level 5. HP: 38/40 MP: 5/5
  1861 | D:2      | Found an ancient bone altar of Kikubaaqudgha.
  1896 | D:2      | Reached skill level 3 in Stealth
  2025 | D:3      | Found an opulent altar of Gozag.
  2176 | D:3      | Found a sparkling altar of Nemelex Xobeh.
  2265 | D:3      | Found a faded altar of an unknown god.
  3000 | D:4      | Reached XP level 6. HP: 36/47 MP: 6/6
  3201 | D:5      | Entered Level 5 of the Dungeon
  3232 | D:5      | Reached skill level 4 in Stealth
  3271 | D:5      | Reached skill level 5 in Dodging
  3321 | D:5      | Reached XP level 7. HP: 16/53 MP: 7/7
  3333 | D:5      | Found a staircase to the Ecumenical Temple.
  3453 | D:5      | Found a bloodstained altar of Trog.
  3481 | D:5      | Reached skill level 5 in Stealth
  3654 | D:5      | Found a sand-covered staircase.
  3659 | Ossuary  | Entered an ossuary
  3736 | Ossuary  | Reached skill level 5 in Long Blades
  4036 | Ossuary  | Reached skill level 6 in Stealth
  4057 | Ossuary  | Reached skill level 1 in Shields
  4259 | Temple   | Entered the Ecumenical Temple
  4300 | Temple   | Became a worshipper of Ru the Awakened
  4509 | D:6      | Found a snail-covered altar of Cheibriados.
  4519 | D:6      | Found a shattered altar of Ashenzari.
  4521 | D:6      | Found an iron altar of Okawaru.
  4614 | D:6      | Reached XP level 8. HP: 48/60 MP: 8/8
  4704 | D:6      | Reached skill level 7 in Stealth
  4931 | D:6      | Found a basalt altar of Yredelemnul.
  4936 | D:6      | Found a blossoming altar of Fedhas.
  4960 | D:6      | Found an ancient bone altar of Kikubaaqudgha.
  5011 | D:6      | Found Ikehan's Weapon Emporium.
  5014 | D:6      | Bought a +1 scimitar of electrocution for 221 gold pieces
  5340 | D:6      | Noticed Blork the orc
  5351 | D:6      | Killed Blork the orc
  5355 | D:6      | Reached skill level 8 in Stealth
  5724 | D:7      | Reached XP level 9. HP: 65/65 MP: 9/9
  5982 | D:7      | Reached skill level 9 in Stealth
  6205 | D:7      | Found Rives's Antique Weapon Shop.
  7208 | D:9      | Reached skill level 1 in Armour
  7208 | D:9      | Reached skill level 10 in Stealth
  7475 | D:9      | Found a glowing golden altar of the Shining One.
  7516 | D:9      | Noticed a seven-headed hydra
  7557 | D:9      | Found a glowing silver altar of Zin.
  7558 | D:9      | Found a white marble altar of Elyvilon.
  7708 | D:9      | Reached XP level 10. HP: 38/71 MP: 10/10
  7716 | D:9      | Reached skill level 11 in Stealth
  8091 | D:10     | Entered Level 10 of the Dungeon
  8195 | D:10     | Found a stormy altar of Qazlal.
  8981 | D:11     | Found a staircase to the Lair.
  9179 | D:11     | Reached skill level 12 in Stealth
  9419 | D:11     | Noticed Erolcha
  9460 | D:11     | Killed Erolcha
  9460 | D:11     | Reached XP level 11. HP: 4/77 MP: 11/11
  9749 | D:11     | Learned a level 4 spell: Petrify
  9786 | D:11     | Reached skill level 10 in Dodging
  9789 | D:11     | Reached skill level 1 in Transmutations
  9940 | D:11     | Gained mutation: Your cowardice makes you less effective in
                  | combat with threatening monsters. [Ru sacrifice]
  9940 | D:11     | Reached * piety under Ru
 10174 | D:12     | Found a gate leading to a gauntlet.
 10175 | D:12     | Found Tamigogg's Armour Shoppe.
 10176 | D:12     | Found a staircase to the Orcish Mines.
 10179 | Gauntlet | Entered a Gauntlet
 10179 | Gauntlet | Found a transporter.
 10179 | Gauntlet | Found a transporter.
 10180 | Gauntlet | Found a transporter.
 10180 | Gauntlet | Found a transporter.
 10182 | Gauntlet | Noticed a ghost crab
 10183 | Gauntlet | Found a transporter.
 10192 | Gauntlet | Noticed a wolf spider
 10193 | Gauntlet | Noticed an entropy weaver
 10194 | Gauntlet | Found a transporter.
 10259 | Gauntlet | Found a transporter.
 10275 | Gauntlet | Found a transporter.
 10276 | Gauntlet | Noticed a soul eater
 10284 | Gauntlet | Found a transporter.
 10294 | Gauntlet | Found a transporter.
 10295 | Gauntlet | Noticed a death ooze
 10309 | Gauntlet | Found a transporter.
 10315 | Gauntlet | Found a transporter.
 10396 | Gauntlet | Killed a ghost crab
 10675 | Gauntlet | Slain by an entropy weaver

Illustrated notes

Levels and vault maps discovered:
D:1:      lemuel_arrival_hallway, layout_basic, minmay_pentomino_v4
D:2:      layout_loops_ring, lemuel_round_altar, old_standard_altar,
          overflow_temple_1_default
D:3:      lemuel_upstairs_altar, layout_loops_ring, overflow_temple_1_default,
          old_standard_altar, chequers_ecumenical_altar_simple,
          minmay_quadrilaterals
D:4:      layout_rooms, kennysheep_small_spiral
D:5:      layout_rooms, bloody_trog, minmay_temple_entry_junction,
          enter_ossuary_5, minmay_between
D:6:      layout_cave_pods, okawaru_trees_1, fedhas_altar_1,
          nicolae_overflow_quartered_altars, serial_shops,
          nicolae_shop_behind_doors, basic_altar, moated_statue,
          uniq_blork_the_orc
D:7:      layout_cave_pods, serial_shops, shop, minmay_curled_crystal
D:8:      layout_basic
D:9:      layout_basic, good_gods_temple_1, lightli_temple_of_fire, uniq_grum
D:10:     layout_grid_maze, lemuel_statue_altar
D:11:     layout_basic, erik_lair_orcish_takeover, uniq_erolcha
D:12:     layout_gridville, orc_david_3, gauntlet_entry_generic, special_room
          [special_room_bee]
Temple:   corrupted_temple
Gauntlet: gammafunk_gauntlet_shortcut [nicolae_gauntlet_arena_blocks,
          gammafunk_gauntlet_arena_open, gammafunk_gauntlet_arena_hedges,
          gammafunk_gauntlet_arena_split_x, gammafunk_gauntlet_arena_corners,
          nicolae_gauntlet_arena_quarters,
          nicolae_gauntlet_exit_dead_adventurers]

Skill      XL: |  1  2  3  4  5  6  7  8  9 10 11 |
---------------+----------------------------------+-----
Fighting       | 2 3 4 |  4.1
Throwing       | 2 |  2.0
Stealth        | 2 3 4 6 8 10 12 | 12.6
Dodging        | 4 5 6 7 8 9 10 | 10.2
Long Blades    | 4 5 6 7 9 |  9.4
Shields        | 1 3 4 |  4.4
Armour         | 2 4 |  4.8
Transmutations | 2 |  2.3

Action                   |  1- 3 |  4- 6 |  7- 9 | 10-12 || total
-------------------------+-------+-------+-------+-------++-------
Melee: Long sword        |   125 |    95 |   226 |       ||   446
       Bite              |    13 |    20 |    62 |    17 ||   112
       Short sword       |    10 |    97 |    21 |       ||   128
       Scimitar          |       |       |   212 |   232 ||   444
       Unarmed           |       |       |       |    24 ||    24
Invok: Reject Sacrifices |       |       |     1 |       ||     1
       Sacrifice Courage |       |       |       |     1 ||     1
Evoke: Wand              |       |       |       |     2 ||     2
  Use: Scroll            |     1 |     6 |    12 |     4 ||    23
       Potion            |       |     2 |     1 |     6 ||     9
 Stab: Sleeping          |       |     2 |    14 |    14 ||    30
       Distracted        |       |       |       |     2 ||     2
Armor: Leather armour    |     5 |       |       |       ||     5
       Ring mail         |    84 |    65 |   130 |    44 ||   323
       Skin              |       |       |     7 |    38 ||    45
Dodge: Dodged            |   138 |   153 |   274 |   116 ||   681
Block: Buckler           |       |       |    54 |    41 ||    95
       Rpst.: Long sword |    39 |    27 |    49 |       ||   115
       Scimitar          |       |       |    41 |    23 ||    64

Table legend: (Time is in decaauts)
 A = Elapsed time spent in this place.
 B = Non-inter-level travel time spent in this place.
 C = Inter-level travel time spent in this place.
 D = Time resting spent in this place.
 E = Time spent auto-exploring this place.
 F = Levels seen in this place.
 G = Mean time per level.
                   A        B        C        D        E       F      G
               +--------+--------+--------+--------+--------+-----+--------+
         Total |  10717 |  10307 |    410 |   1789 |   5598 |  15 |  714.5 |
       Dungeon |   9650 |   9250 |    400 |   1411 |   5461 |  12 |  804.2 |
        Temple |     54 |     44 |     10 |      0 |      0 |   1 |   54.0 |
       Ossuary |    517 |    517 |      0 |    138 |      0 |   1 |  517.0 |
      Gauntlet |    495 |    495 |      0 |    240 |    137 |   1 |  495.0 |
               +--------+--------+--------+--------+--------+-----+--------+

Top non-repeatable levels by time:
     D:1: 1173 daAuts
    D:11: 1123 daAuts
     D:6: 991 daAuts
     D:9: 915 daAuts
     D:8: 888 daAuts
     D:2: 880 daAuts
    D:10: 868 daAuts
     D:7: 806 daAuts
     D:5: 737 daAuts
     D:4: 611 daAuts
     D:3: 581 daAuts
 Ossuary: 517 daAuts
Gauntlet: 495 daAuts
    D:12: 72 daAuts
  Temple: 54 daAuts
